 Dungeon Crawl Stone Soup version 0.25-a0-353-ged6d54792d (webtiles) character file.

Game seed: 565101512871676254, levelgen mode: deterministic

105504 testmoya the Severer (level 15, -16/145 HPs)
             Began as a Minotaur Berserker on Jan 1, 2020.
             Was a High Priest of Trog.
             Killed from afar by a deep elf mage (34 damage)
             ... with a bolt of lightning
             ... on level 15 of the Dungeon on Jan 2, 2020.
             The game lasted 03:12:08 (31324 turns).

testmoya the Severer (Minotaur Berserker)          Turns: 31324, Time: 03:12:09

Health: -16/145    AC: 27    Str: 33    XL:     15   Next: 94%
Magic:  15/15      EV: 10    Int:  4    God:    Trog [*****.]
Gold:   1213       SH:  2    Dex: 10    Spells: 14/14 levels left

rFire    + + .     SeeInvis .   a - +7 battleaxe (flame)
rCold    + . .     Gourm    .   (shield currently unavailable)
rNeg     . . .     Faith    .   F - +0 gold dragon scales
rPois    +         Spirit   .   d - +2 hat
rElec    .         Reflect  +   V - +0 cloak
rCorr    .         Harm     .   s - +2 pair of gloves
MR       +....                  (no boots)
Stlth    ..........             U - +2 amulet of reflection
HPRegen  0.34/turn              h - +5 ring of strength
MPRegen  0.14/turn              D - ring of protection from fire

@: lethally poisoned (-16 -> -17), about to teleport, berserk cooldown, slowed,
very slow
A: retaliatory headbutt, horns 2
a: Berserk, Trog's Hand, Brothers in Arms, Renounce Religion


You were on level 15 of the Dungeon.
You worshipped Trog.
Trog was extremely pleased with you.
You were not hungry.

You visited 5 branches of the dungeon, and saw 24 of its levels.

You collected 1513 gold pieces.
You spent 300 gold pieces at shops.

Inventory:

Hand Weapons
 a - a +7 battleaxe of flaming (weapon)
 b - a +0 dire flail of protection
 X - the +3 battleaxe of Relativism {chop, rF++ Int+7}
   (Trog gifted it to you on level 11 of the Dungeon)

   It inflicts extra damage upon your enemies.
   It affects your intelligence (+7).
   It greatly protects you from fire.
Missiles
 E - a throwing net (quivered)
Armour
 d - a +2 hat (worn)
 m - a +0 plate armour
 s - a +2 pair of gloves (worn)
 F - +0 gold dragon scales (worn)
 V - a +0 cloak (worn)
Jewellery
 h - a +5 ring of strength (left hand)
 q - an uncursed ring of resist corrosion
 u - an uncursed ring of flight
 y - a +2 ring of intelligence
 D - a ring of protection from fire (right hand)
 L - an uncursed ring of resist corrosion
 Q - an uncursed ring of ice
 U - a +2 amulet of reflection (around neck)
Wands
 K - a wand of acid (20)
 R - a wand of digging (10)
 S - a wand of flame (47)
 Y - a wand of iceblast (22)
Scrolls
 g - 3 scrolls of magic mapping
 i - 2 scrolls of torment {unknown}
 k - 2 scrolls of noise {unknown}
 l - 15 scrolls of remove curse
 p - a scroll of holy word {unknown}
 x - a scroll of brand weapon {unknown}
 z - 3 scrolls of amnesia
 B - 2 scrolls of teleportation
 C - a scroll of immolation
 I - a scroll of vulnerability {unknown}
 M - 3 scrolls of acquirement
 N - 2 scrolls of summoning
 O - a scroll of identify
 P - a scroll of fear
 T - 4 scrolls of fog
 W - 7 scrolls of enchant weapon
Potions
 c - 2 potions of resistance
 e - 2 potions of berserk rage {unknown}
 f - 2 potions of cancellation
 n - 8 potions of agility
 o - 2 potions of magic
 r - 3 potions of haste
 t - 4 potions of heal wounds
 v - 2 potions of brilliance
 w - a potion of ambrosia
 A - 4 potions of flight
 G - a potion of curing
 H - 2 potions of might
 J - 5 potions of degeneration
 Z - 4 potions of lignification
Comestibles
 j - 19 rations


   Skills:
 + Level 16.6 Fighting
 + Level 20.9(21.1) Axes
 + Level 4.8(14.9) Maces & Flails
 + Level 0.1 Throwing
 + Level 15.6 Armour
 + Level 9.0 Dodging
 + Level 2.8 Stealth
 + Level 1.6 Evocations


You had 14 spell levels left.
You didn't know any spells.
Your spell library contained the following spells:

 Spells                   Type           Power        Failure   Level  Hunger
 Beastly Appendage        Tmut           #.....       100%        1    ##.....
 Confusing Touch          Hex            #.....       100%        1    ##.....
 Sticks to Snakes         Tmut           #.......     100%        2    ###....
 Confuse                  Hex            #.......     100%        3    ####...
 Gell's Gravitas          Tloc           #.........   100%        3    ####...
 Spider Form              Tmut/Pois      #.........   100%        3    ####...
 Ice Form                 Ice/Tmut       #.......     100%        4    #####..
 Petrify                  Tmut/Erth      #.......     100%        4    #####..
 Blade Hands              Tmut           #.........   100%        5    ######.
 Metabolic Englaciation   Hex/Ice        #.........   100%        5    ######.
 Yara's Violent Unravell  Hex/Tmut       #.........   100%        5    ######.


Dungeon Overview and Level Annotations

Branches:
Dungeon (15/15)            Temple (1/1) D:7            Lair (6/6) D:8
 Shoals (1/4) Lair:4       Spider (1/4) Lair:4        Slime (0/5) Lair:5
    Orc (0/2) D:10         Vaults (0/5) D:14
 Depths: D:15

Altars:
Ashenzari
Cheibriados
Dithmenos
Elyvilon
Fedhas
Gozag
Hepliaklqana
Kikubaaqudgha
Makhleb
Nemelex Xobeh
Okawaru
Qazlal
Ru
Sif Muna
Trog
Uskayaw
Vehumet
Wu Jian
Xom
Yredelemnul
Zin
The Shining One
Jiyva

Shops:
D:4 %   D:7 [   D:10 =   D:14 =

Annotations:
D:4 2 transporters, Error4North's ghost, amateur HOFi
D:6 2 runed translucent doors
D:11 exclusion: orange crystal statue
Lair:3 exclusion: oklob plant
Shoals:1 2 exclusions


Innate Abilities, Weirdness & Mutations

You reflexively headbutt those who attack you in melee.
You have a pair of horns on your head.


Message History

You slice the death knight!! You burn the death knight.
You headbutt the death knight.
You kill the death knight!
Trog accepts your kill.
The centaur warrior shoots an arrow.
The arrow closely misses you.
You are no longer berserk.
You are exhausted.
You feel yourself slow down.
You feel sick.
O - a scroll of identify
Items here: ) [ ††† a +2 glaive of venom; a +0 chain mail; a human corpse; a komodo dragon corpse a vampire mosquito corpse The centaur warrior shoots an arrow.
The arrow hits you but does no damage.
A deep elf mage comes into view. It is wielding a +0 long sword.
As you read the scroll of teleportation, it crumbles to dust.
You feel strangely unstable.
You feel sick.
The centaur warrior shoots an arrow.
The arrow hits you but does no damage. The deep elf mage casts a spell at you.
The bolt of lightning hits you!!
You die...

.)###########.# .#.
###### ..# .# (. ..# #
.. # ..# #. .. ..#
#####.####...
..##########...)#...e...
........................
................#.......
...............†@.......
#.......................
#.......................
#............(..........
#.......................
#.......................
........................
........................
#...##########.#######


You could see a deep elf mage.

Vanquished Creatures
  Rupert (D:15)
  Gastronok (Lair:3)
  Nessos (D:14)
  An ettin (D:15)
  Snorg (Lair:3)
  7 hydras
  Harold (D:8)
  A death knight (D:15)
  14 two-headed ogres
  A centaur warrior (D:13)
  4 catoblepae
  2 ogre magi (D:15)
  2 tengu warriors (D:14)
  11 death yaks
  Urug (D:12)
  Nergalle (D:11)
  A fire crab (Lair:5)
  A deep troll (D:15)
  4 harpies (Shoals:1)
  Pikel (D:6)
  17 ugly things
  An orc knight (D:14)
  3 wolf spiders
  An orb spider (Spider:1)
  15 elephants
  5 manticores
  5 deep elf magi
  A cyclops (D:13)
  4 black mambas
  3 torpor snails
  2 gargoyles
  A spiny frog (shapeshifter) (D:14)
  21 spiny frogs
  A kobold demonologist (D:13)
  A demonic crawler (Spider:1)
  7 komodo dragons
  A yaktaur (D:15)
  3 jumping spiders
  2 merfolk (Shoals:1)
  A polar bear (Lair:4)
  A hornet (D:12)
  4 trolls
  A wind drake (Shoals:1)
  5 slime creatures (D:13)
  Prince Ribbit (Lair:3)
  12 dream sheep
  10 hippogriffs
  19 blink frogs
  2 snapping turtles
  Sigmund (D:3)
  A shadow (D:12)
  A centaur simulacrum (D:15)
  4 wyverns
  2 redbacks (Spider:1)
  3 wraiths
  16 humans (D:14)
  45 yaks
  3 basilisks
  4 vampire mosquitoes (D:15)
  A hungry ghost (D:10)
  A soldier ant (D:14)
  10 water moccasins
  8 ice beasts
  3 sky beasts
  11 orc warriors
  13 porcupines
  3 slaves (D:6)
  A hornet zombie (D:12)
  3 phantoms
  5 black bears
  An eye of draining (D:11)
  10 ogres
  7 centaurs
  4 wolves (Lair:3)
  10 crocodiles
  7 big kobolds
  17 bullfrogs
  2 gnoll sergeants
  A wyvern skeleton (D:14)
  A water moccasin zombie (D:9)
  7 scorpions
  7 wights
  11 killer bees (D:10)
  3 howler monkeys
  An electric eel (Spider:1)
  2 crimson imps (D:7)
  4 bullfrog zombies
  6 centaur zombies
  4 centaur skeletons
  6 hounds
  3 orc priests
  10 jellies
  Ijyb (D:3)
  A gnoll shaman (D:7)
  An iguana (D:8)
  9 worker ants
  13 orc wizards
  2 hound zombies
  A howler monkey zombie (D:8)
  8 adders
  26 gnolls
  A howler monkey skeleton (D:3)
  4 shadow imps
  An ooze (D:2)
  An adder zombie (D:5)
  An adder skeleton (D:9)
  A dart slug (D:2)
  6 leopard geckos
  50 orcs
  2 giant cockroaches
  7 goblins
  6 hobgoblins
  6 jackals (D:6)
  3 quokkas
  2 ball pythons (D:3)
  7 bats
  7 frilled lizards
  2 jackal skeletons
  A jackal zombie (D:6)
  13 kobolds
  A leopard gecko skeleton (D:6)
  A leopard gecko zombie (D:8)
  4 rats
  11 fungi
  6 plants
676 creatures vanquished.

Vanquished Creatures (collateral kills)
  A black mamba (Lair:1)
  A spiny frog (Lair:1)
2 creatures vanquished.

Vanquished Creatures (others)
  A centaur zombie (D:15)
  A centaur skeleton (D:15)
  2 jackals (D:6)
  6 fungi
  9 plants
  8 tentacles (Shoals:1)
27 creatures vanquished.

Grand Total: 705 creatures vanquished

Notes
Turn   | Place    | Note
-------+----------+-------------------------------------------
     0 | D:1      | testmoya the Minotaur Berserker began the quest for the
                  | Orb.
     0 | D:1      | Reached XP level 1. HP: 19/19 MP: 0/0
   655 | D:1      | Reached XP level 2. HP: 27/27 MP: 1/1
   907 | D:1      | Reached skill level 4 in Axes
  1069 | D:2      | Found a shattered altar of Ashenzari.
  1069 | D:2      | Found a radiant altar of Vehumet.
  1069 | D:2      | Found a basalt altar of Yredelemnul.
  1207 | D:2      | Reached XP level 3. HP: 26/33 MP: 2/2
  1317 | D:2      | Found a glowing silver altar of Zin.
  1334 | D:2      | Noticed an angel
  1338 | D:2      | Found a shimmering altar of Xom.
  1624 | D:2      | Found a burning altar of Makhleb.
  1624 | D:2      | Found a white marble altar of Elyvilon.
  2068 | D:3      | Reached XP level 4. HP: 41/41 MP: 3/3
  2072 | D:3      | Reached ** piety under Trog
  2072 | D:3      | Reached skill level 5 in Axes
  2118 | D:3      | Noticed Sigmund
  2135 | D:3      | Killed Sigmund
  2135 | D:3      | Reached skill level 5 in Fighting
  2135 | D:3      | Reached skill level 1 in Stealth
  2135 | D:3      | Reached XP level 5. HP: 48/48 MP: 4/4
  2180 | D:3      | Noticed Ijyb
  2204 | D:3      | Killed Ijyb
  2204 | D:3      | Reached skill level 6 in Axes
  2204 | D:3      | Reached XP level 6. HP: 46/56 MP: 5/5
  2878 | D:4      | Found a shimmering blue altar of Sif Muna.
  2913 | D:4      | Found a transporter.
  2922 | D:4      | Noticed Error4North's ghost (amateur HOFi)
  2922 | D:4      | Noticed a sky beast
  2959 | D:4      | Found a transporter.
  3020 | D:4      | Found Qaenov Puish's Food Boutique.
  3332 | D:5      | Entered Level 5 of the Dungeon
  3564 | D:5      | Reached XP level 7. HP: 61/61 MP: 6/6
  3943 | D:5      | Reached skill level 7 in Axes
  3943 | D:5      | Reached skill level 5 in Armour
  4346 | D:5      | Reached *** piety under Trog
  4537 | D:6      | Reached XP level 8. HP: 55/70 MP: 7/7
  4703 | D:6      | Found a runed translucent door.
  4704 | D:6      | Found a runed translucent door.
  4740 | D:6      | Reached skill level 8 in Axes
  5052 | D:6      | Reached skill level 5 in Dodging
  5304 | D:6      | Noticed Pikel
  5315 | D:6      | Killed Pikel
  5315 | D:6      | Reached skill level 9 in Axes
  5578 | D:6      | Reached XP level 9. HP: 61/78 MP: 8/8
  5590 | D:6      | Reached skill level 10 in Axes
  5675 | D:6      | Found a hide-covered altar of Uskayaw.
  5926 | D:7      | Found a staircase to the Ecumenical Temple.
  5948 | D:7      | Reached **** piety under Trog
  6050 | Temple   | Entered the Ecumenical Temple
  6413 | D:7      | Found a sacrificial altar of Ru.
  6440 | D:7      | Found Vezuih's Antique Armour Boutique.
  7108 | D:8      | Found a staircase to the Lair.
  7123 | D:8      | Reached skill level 11 in Axes
  7468 | D:8      | Found a flagged portal.
  7536 | D:8      | Reached XP level 10. HP: 87/88 MP: 9/9
  7653 | D:8      | Reached skill level 12 in Axes
  7781 | D:8      | Noticed Harold
  7797 | D:8      | Killed Harold
  8147 | Lair:1   | Entered Level 1 of the Lair of Beasts
  8235 | Lair:1   | Noticed a spiny frog
  8241 | Lair:1   | Killed a spiny frog
  8497 | Lair:1   | Reached skill level 13 in Axes
  8813 | Lair:1   | Noticed a spiny frog
  8818 | Lair:1   | Killed a spiny frog
  8818 | Lair:1   | Noticed a spiny frog
  8823 | Lair:1   | Noticed a spiny frog
  8827 | Lair:1   | Killed a spiny frog
  8829 | Lair:1   | Noticed a spiny frog
  8831 | Lair:1   | Killed a spiny frog
  9201 | Lair:1   | Killed a spiny frog
  9597 | Lair:1   | Noticed a spiny frog
  9602 | Lair:1   | Killed a spiny frog
  9602 | Lair:1   | Reached ***** piety under Trog
  9602 | Lair:1   | Received a gift from Trog
  9707 | Lair:1   | Noticed a black mamba
  9710 | Lair:1   | Noticed a spiny frog
  9712 | Lair:1   | Killed a black mamba
  9712 | Lair:1   | Reached XP level 11. HP: 72/97 MP: 10/10
  9720 | Lair:1   | Reached skill level 14 in Axes
 10407 | D:9      | Noticed a two-headed ogre
 10411 | D:9      | Killed a two-headed ogre
 10411 | D:9      | Reached skill level 10 in Fighting
 10755 | D:10     | Entered Level 10 of the Dungeon
 10925 | D:10     | Found a staircase to the Orcish Mines.
 10929 | D:10     | Reached skill level 15 in Axes
 10935 | D:10     | Received a gift from Trog
 11072 | D:10     | Reached skill level 1 in Evocations
 11764 | D:10     | Found Best's Jewellery Boutique.
 12667 | D:11     | Noticed a two-headed ogre
 12673 | D:11     | Killed a two-headed ogre
 12673 | D:11     | Reached XP level 12. HP: 90/108 MP: 12/12
 12815 | D:11     | Received a gift from Trog
 12817 | D:11     | Got a jewelled battleaxe {god gift}
 12818 | D:11     | Identified the +3 battleaxe of Relativism {chop, rF++
                  | Int+7} (Trog gifted it to you on level 11 of the Dungeon)
 12933 | D:11     | Noticed Nergalle
 12942 | D:11     | Killed Nergalle
 12943 | D:11     | Reached skill level 16 in Axes
 12948 | D:11     | Reached skill level 10 in Armour
 13744 | D:11     | Noticed a two-headed ogre
 13750 | D:11     | Killed a two-headed ogre
 13948 | D:11     | Found a shimmering altar of Xom.
 13976 | D:11     | Found a shimmering altar of Xom.
 14276 | D:12     | Noticed a two-headed ogre
 14282 | D:12     | Killed a two-headed ogre
 14690 | D:12     | Noticed Urug
 14896 | D:12     | Noticed a two-headed ogre
 15036 | D:12     | Killed a two-headed ogre
 15410 | D:11     | Reached skill level 17 in Axes
 15738 | D:12     | Killed Urug
 16540 | Lair:1   | Received a gift from Trog
 16869 | Lair:2   | Noticed a six-headed hydra
 17063 | Lair:2   | Killed a six-headed hydra
 17107 | Lair:2   | Reached XP level 13. HP: 101/118 MP: 13/13
 17113 | Lair:2   | Reached skill level 1 in Maces & Flails
 17946 | Lair:2   | Got a brightly glowing scale mail
 17957 | Lair:2   | Identified the +1 scale mail of the Hall of Blades {Int+2}
                  | (You found it on level 2 of the Lair of Beasts)
 18792 | Lair:3   | Noticed Prince Ribbit
 18792 | Lair:3   | Noticed Snorg
 19333 | Lair:3   | Killed Prince Ribbit
 19497 | Lair:3   | Noticed Gastronok
 19511 | Lair:3   | Killed Gastronok
 19511 | Lair:3   | Reached skill level 18 in Axes
 19714 | Lair:3   | Killed Snorg
 20114 | Lair:3   | You fall into a shaft and drop 3 floors!
 20114 | Lair:6   | Entered Level 6 of the Lair of Beasts
 20148 | Lair:6   | Received a gift from Trog
 21541 | Lair:4   | Reached XP level 14. HP: 101/129 MP: 14/14
 21975 | Lair:4   | Found a hole to the Spider Nest.
 22445 | Lair:4   | Found a staircase to the Shoals.
 22568 | Shoals:1 | Entered Level 1 of the Shoals
 22653 | Shoals:1 | Reached skill level 19 in Axes
 23243 | Shoals:1 | Noticed a kraken
 23869 | Spider:1 | Entered Level 1 of the Spider Nest
 24828 | Lair:5   | Received a gift from Trog
 25360 | Lair:5   | Found a viscous altar of Jiyva.
 25361 | Lair:5   | Found a staircase to the Slime Pits.
 26034 | Lair:5   | You fall into a shaft and drop 1 floor!
 27016 | Lair:6   | Reached skill level 20 in Axes
 27157 | Lair:6   | Reached XP level 15. HP: 137/139 MP: 15/15
 27461 | Lair:6   | Got a transparent great sword
 28332 | D:13     | Reached skill level 15 in Fighting
 28545 | D:13     | Received a gift from Trog
 29528 | D:14     | Found a gate to the Vaults.
 29528 | D:14     | Noticed Nessos
 29562 | D:14     | Killed Nessos
 29562 | D:14     | Reached skill level 15 in Armour
 30315 | D:14     | Identified 2 scrolls of acquirement
 30325 | D:14     | Found Ilu Xaotu's Jewellery Emporium.
 30341 | D:14     | Received a gift from Trog
 30490 | D:14     | Bought an uncursed ring of protection from fire for 300
                  | gold pieces
 30644 | D:15     | Entered Level 15 of the Dungeon
 30694 | D:15     | Noticed Rupert
 31002 | D:15     | Killed Rupert
 31324 | D:15     | Killed from afar by a deep elf mage

Levels and vault maps discovered:
D:1:      minmay_arrival_jagged, layout_basic, minmay_stone_trees_large
D:2:      layout_basic, grunt_temple_overflow_order_and_chaos_1,
          gammafunk_temple_overflow_claw, gammafunk_temple_overflow_wave
D:3:      layout_basic, uniq_sigmund, uniq_ijyb
D:4:      layout_loops_ring, marbit_many_paths, first_ration, serial_shops,
          shop, gammafunk_ghost_arena
D:5:      layout_basic, minmay_quadrilaterals
D:6:      lemuel_insect_pit, layout_basic, eat_drink_and_be_merry_uskayaw,
          uniq_pikel
D:7:      layout_loops_ring, nicolae_ru_path_of_blood,
          minmay_temple_entry_drinking_statues, serial_shops,
          nicolae_shop_temple_entry_statues_fountains
D:8:      layout_basic, due_lair_maze_entry_diamond, enter_bailey_6, uniq_harold
D:9:      layout_roguey
D:10:     layout_gridville, kennysheep_orc_monster_closet_entryway,
          serial_shops, shop
D:11:     layout_roguey, blue_anna_alchemist [blue_anna_fruit_fields,
          blue_anna_fruit_fields], minivault_16, xom_shifter_show, uniq_nergalle
D:12:     layout_big_octagon, eino_small_chamber_without_monster,
          serial_park_tiny_2, minivault_23, minmay_lindwurm_lava, uniq_urug
D:13:     layout_roguey
D:14:     layout_rooms, david_vaults_3, serial_shops, shop_fountains,
          hex_intersection
D:15:     hangedman_depths_entry_civil_slaughter, layout_long_grid,
          minivault_27, lemuel_flame_loot_1, uniq_rupert
Temple:   minmay_temple_forest_path
Lair:1:   layout_regular_city, beast_lair_carwin_10
Lair:2:   layout_gridlike, lemuel_fruit_fields
Lair:3:   layout_gridlike, minmay_lair_oklob_items, grunt_forest_stairs_basic,
          hibernation_bobbens, uniq_snorg, uniq_prince_ribbit2, uniq_gastronok
Lair:4:   layout_loops_ring, minmay_shoals_entry_hut,
          spider_nest_entry_web_field, serial_bayou_shore_b, grunt_megastairs_3
Lair:5:   layout_regular_city, dpeg_slime_entry_enclosed_altar,
          hangedman_lair_generics_rect
Lair:6:   evilmike_catoblepas_cave, layout_gridlike, infiniplex_staircase_pool,
          grunt_megastairs_4
Shoals:1: layout_shoals, nicolae_shoals_kraken_intersection
Spider:1: layout_spider_delve, drop_trap

Skill      XL: |  1  2  3  4  5  6  7  8  9 10 11 12 13 14 15 |
---------------+----------------------------------------------+-----
Axes           | 4 5 6 7 9 11 13 15 17 18 20 | 20.9
Fighting       | 4 5 6 7 9 10 12 13 14 16 | 16.6
Dodging        | 3 4 5 6 7 8 9 |  9.0
Armour         | 3 4 5 7 8 9 11 13 14 15 | 15.6
Stealth        | 1 2 |  2.8
Evocations     | 1 |  1.6
Maces & Flails | 2 4 |  4.8
Throwing       | |  0.1

Action                   |  1- 3 |  4- 6 |  7- 9 | 10-12 | 13-15 || total
-------------------------+-------+-------+-------+-------+-------++-------
Melee: Hand axe          |    82 |   120 |    34 |       |       ||   236
       Headbutt          |    12 |    21 |    46 |   106 |   219 ||   404
       War axe           |       |       |   109 |       |       ||   109
       Battleaxe         |       |       |    74 |   435 |   733 ||  1242
       Dire flail        |       |       |       |     3 |    41 ||    44
Throw: Throwing net      |     2 |       |       |       |       ||     2
Invok: Berserk           |     1 |     2 |     3 |     8 |     4 ||    18
       Brothers in Arms  |       |       |       |     1 |       ||     1
Evoke: Wand              |       |       |       |     8 |     1 ||     9
  Use: Scroll            |     5 |     4 |     6 |     9 |    11 ||    35
       Potion            |       |     1 |       |     4 |     1 ||     6
  Eat: Ration            |     1 |       |     3 |     5 |     5 ||    14
       Chunk             |       |     7 |     7 |    22 |    31 ||    67
Armor: Animal skin       |     2 |       |       |       |       ||     2
       Leather armour    |    23 |       |       |       |       ||    23
       Ring mail         |     2 |    44 |    94 |    25 |       ||   165
       Scale mail        |       |       |       |    57 |       ||    57
       Plate armour      |       |       |       |    65 |   401 ||   466
       Gold dragon scale |       |       |       |       |    35 ||    35
Dodge: Dodged            |    57 |    69 |   160 |   257 |   381 ||   924
Block: Other             |       |       |       |       |    16 ||    16
       Reflection        |       |       |       |       |     2 ||     2

Table legend:
 A = Non-vault XP
 B = Vault XP
 C = Vault XP percentage of total XP
 D = Non-vault monster count
 E = Vault monster count
 F = Vault count percentage of total count
                 A         B        C        D         E       F
            +---------+---------+-------+---------+---------+-------
      Total |  106272 |   44448 |  29.5 |     538 |     120 |  18.2
            +---------+---------+-------+---------+---------+-------
        D:1 |      14 |       0 |   0.0 |       9 |       0 |   0.0
        D:2 |      47 |       0 |   0.0 |      17 |       0 |   0.0
        D:3 |     101 |     277 |  73.3 |      22 |       2 |   8.3
        D:4 |     264 |       3 |   1.1 |      12 |       1 |   7.7
        D:5 |     512 |     111 |  17.8 |      21 |       4 |  16.0
        D:6 |    1080 |     651 |  37.6 |      30 |       1 |   3.2
        D:7 |     719 |     276 |  27.7 |      14 |       2 |  12.5
        D:8 |     982 |    1870 |  65.6 |      17 |      10 |  37.0
        D:9 |    3307 |       0 |   0.0 |      29 |       0 |   0.0
       D:10 |    3753 |    1808 |  32.5 |      49 |      20 |  29.0
       D:11 |    6119 |     901 |  12.8 |      34 |       2 |   5.6
       D:12 |    6374 |     843 |  11.7 |      33 |       1 |   2.9
       D:13 |   10192 |       0 |   0.0 |      38 |       0 |   0.0
       D:14 |    9723 |    6578 |  40.4 |      31 |      20 |  39.2
       D:15 |   12969 |    5843 |  31.1 |      25 |       4 |  13.8
     Lair:1 |    3353 |    3211 |  48.9 |      14 |       9 |  39.1
     Lair:2 |    6422 |       0 |   0.0 |      24 |       0 |   0.0
     Lair:3 |    4461 |    4454 |  50.0 |      24 |       6 |  20.0
     Lair:4 |   10198 |     498 |   4.7 |      28 |       3 |   9.7
     Lair:5 |    9198 |    3209 |  25.9 |      24 |       8 |  25.0
     Lair:6 |    9295 |   13915 |  60.0 |      24 |      27 |  52.9
   Shoals:1 |    3904 |       0 |   0.0 |       9 |       0 |   0.0
   Spider:1 |    3285 |       0 |   0.0 |      10 |       0 |   0.0
            +---------+---------+-------+---------+---------+-------
